 Dungeon Crawl Stone Soup version 0.29.0-11-gd7f09526c8 (webtiles) character file.

Game seed: 9131413311154075795

530568 Rem the Storm Dragon (level 24, -3/234 HPs)
             Began as a Black Draconian Conjurer on Aug 27, 2022.
             Was the Champion of Vehumet.
             Killed from afar by an orb of fire (21 damage)
             ... with a fireball
             ... on level 4 of the Realm of Zot on Sept 5, 2022.
             The game lasted 09:56:49 (83019 turns).

Rem the Storm Dragon (Black Draconian Conjurer)    Turns: 83019, Time: 09:56:49

Health: -3/234     AC: 28    Str: 12    XL:     24   Next: 41%
Magic:  1/43       EV: 15    Int: 31    God:    Vehumet [******]
Gold:   3033       SH: 12    Dex: 13    Spells: 14/55 levels left

rFire   + . .      SeeInvis .   B - staff of conjuration
rCold   + . .      Faith    .   l - +0 buckler of the Orcish Mines {rElec rPois Regen+}
rNeg    . . .      Spirit   .   (body armour unavailable)
rPois   +          Reflect  +   Q - +2 hat {Int+3}
rElec   +          Harm     .   N - scarf {rC+ rF+}
rCorr   .          Rampage  .   v - +2 pair of gloves {Dex+3}
Will    ++...                   o - +2 pair of boots {Fly}
Stlth   ++........              r - amulet of reflection
HPRegen 1.29/turn               L - ring of willpower
MPRegen 0.28/turn               K - ring of the Tortoise {AC+8}

@: about to teleport, flying, studying 3 skills
A: breathe lightning, AC +12, unfitting armour, big wings, electricity
resistance, cold-blooded
}: 3/15 runes: decaying, silver, gossamer
a: Breathe Lightning, Renounce Religion


You were on level 4 of the Realm of Zot.
You worshipped Vehumet.
Vehumet was exalted by your worship.
You visited 10 branches of the dungeon, and saw 47 of its levels.
You also visited: Ossuary, Bailey and Ice Cave.

You collected 6365 gold pieces.
You spent 3332 gold pieces at shops.

Inventory:

Hand Weapons
 O - the +9 staff of Wucad Mu {*channel}
   (You acquired it on level 11 of the Dungeon)

   It occasionally powers its wielder's spells, but with a chance of causing
   confusion or draining the wielder's intelligence.
   It becomes more likely to activate and less likely to backfire with increased
   Evocations skill.
 P - the +8 trident of the Owl {vorpal, rPois rCorr}
   (You took it off a deep elf archer on level 1 of the Elven Halls)

   It inflicts extra damage upon your enemies.
   rPois:     It protects you from poison.
   rCorr:     It protects you from acid and corrosion.
Armour
 f - a +2 buckler of reflection
 j - the +1 cloak of Starlight {*Dazzle EV+4 Stlth--}
   (You found it on level 1 of the Orcish Mines)

   It may blind those who miss an attack against the wearer in melee combat.
   EV:        It affects your evasion (+4).
   Stlth:     It makes you much less stealthy.
 l - the +0 buckler of the Orcish Mines (worn) {rElec rPois Regen+}
   (You acquired it on level 1 of the Lair of Beasts)

   rElec:     It insulates you from electricity.
   rPois:     It protects you from poison.
   Regen:     It increases your rate of health regeneration.
 o - a +2 pair of boots of flying (worn)
 v - a +2 pair of gloves of dexterity (worn)
 N - a scarf of resistance (worn)
 Q - a +2 hat of intelligence (worn)
 U - the +1 pair of gloves "Nufeunus" {rC+ rN++}
   (You found it on level 4 of the Spider Nest)

   rC:        It protects you from cold.
   rN:        It greatly protects you from negative energy.
 V - a +0 buckler of cold resistance
Magical Staves
 z - a staff of air
 B - a staff of conjuration (weapon)
 J - a staff of fire
Jewellery
 r - an amulet of reflection (around neck)
 w - the ring of Icziot {rPois rF- Int+7 Dex+6}
   (You found it on level 1 of the Swamp)

   [ring of dexterity]

   Int:       It affects your intelligence (+7).
   Dex:       It affects your dexterity (+6).
   rF:        It makes you vulnerable to fire.
   rPois:     It protects you from poison.
 x - a ring of positive energy
 A - a ring of protection from fire
 C - a ring of protection from cold
 E - a ring of willpower
 K - the ring of the Tortoise (right hand) {AC+8}
   (You found it on level 8 of the Dungeon)

   [ring of protection]

   AC:        It affects your AC (+8).
 L - a ring of willpower (left hand)
 S - a +6 ring of intelligence
Wands
 h - a wand of digging (15)
 q - a wand of roots (32)
 F - a wand of mindburst (27)
 W - a wand of light (2)
Scrolls
 a - 6 scrolls of magic mapping
 b - 24 scrolls of teleportation
 c - a scroll of brand weapon
 k - 4 scrolls of amnesia
 m - 7 scrolls of enchant weapon
 n - 11 scrolls of butterflies
 s - 7 scrolls of blinking
 t - 5 scrolls of summoning
 y - 11 scrolls of fear
 I - 4 scrolls of enchant armour
 T - 5 scrolls of silence
 X - 7 scrolls of poison
Potions
 d - 7 potions of cancellation
 e - 7 potions of heal wounds
 g - 6 potions of lignification
 i - 5 potions of ambrosia
 p - 8 potions of brilliance
 u - 16 potions of curing
 D - 16 potions of mutation
 G - 5 potions of invisibility
 H - 8 potions of haste
 M - 8 potions of might
 R - 2 potions of resistance
 Y - 2 potions of magic


   Skills:
 + Level 22.8 Fighting
 - Level 12.0 Staves
 - Level 9.0 Dodging
 - Level 1.7 Stealth
 + Level 13.4 Shields
 - Level 16.0 Spellcasting
 - Level 21.0 Conjurations
 - Level 10.0 Summonings
 - Level 8.0 Fire Magic
 - Level 5.0 Ice Magic
 O Level 27 Air Magic
 - Level 4.0 Earth Magic
 - Level 8.0 Evocations


You had 14 spell levels left.
You knew the following spells:

 Your Spells              Type           Power      Damage    Failure   Level
b - Spellforged Servitor  Conj/Summ      55%        N/A       1%          7
c - Summon Lightning Spi  Summ/Air       96%        N/A       0%          4
d - Sticky Flame          Conj/Fire      100%       2d11      1%          4
e - Flame Wave            Conj/Fire      100%       2d21      1%          4
f - Freezing Cloud        Conj/Ice/Air   58%        6-21      1%          5
g - Conjure Ball Lightni  Conj/Air       65%        3x3d23    0%          6
h - Lightning Bolt        Conj/Air       65%        1d89      0%          5
i - Iron Shot             Conj/Erth      50%        9d10      1%          6

Your spell library contained the following spells:

 Spells                   Type           Power      Damage    Failure   Level
 Chain Lightning          Conj/Air       65%        3d87      3%          9
 Magic Dart               Conj           100%       1d8       0%          1
 Shock                    Conj/Air       100%       1d9       0%          1
 Searing Ray              Conj           100%       2d8       0%          2
 Static Discharge         Conj/Air       100%       3-16/arc  0%          2
 Conjure Flame            Conj/Fire      100%       6-21      0%          3
 Mephitic Cloud           Conj/Pois/Air  100%       N/A       0%          3
 Swiftness                Air            100%       N/A       0%          3
 Airstrike                Air            56%        2d(9-25)  0%          4
 Iskenderun's Battlesphe  Conj           100%       2d15      0%          5
 Apportation              Tloc           48%        N/A       1%          1
 Freeze                   Ice            100%       1d11      1%          1
 Necrotise                Necr           96%        1d8       1%          1
 Summon Small Mammal      Summ           100%       N/A       1%          1
 Call Imp                 Summ           72%        N/A       1%          2
 Ensorcelled Hibernation  Hex/Ice        80%        N/A       1%          2
 Passwall                 Tmut/Erth      30%        N/A       1%          2
 Scorch                   Fire           100%       2d10      1%          2
 Call Canine Familiar     Summ           72%        N/A       1%          3
 Dazzling Flash           Conj/Hex       100%       N/A       1%          3
 Frozen Ramparts          Ice            100%       1d16      1%          3
 Ignite Poison            Fire/Tmut/Pois 41%        N/A       1%          3
 Inner Flame              Hex/Fire       49%        N/A       1%          3
 Ozocubu's Armour         Ice            54%        N/A       1%          3
 Summon Guardian Golem    Hex/Summ       54%        N/A       1%          3
 Fulminant Prism          Conj/Hex       47%        3d21      1%          4
 Hailstorm                Conj/Ice       100%       3d20      1%          4
 Iskenderun's Mystic Bla  Conj/Tloc      94%        2d18      1%          4
 Irradiate                Conj/Tmut      47%        3d27      1%          5
 Silence                  Hex/Air        41%        N/A       1%          5
 Starburst                Conj/Fire      53%        6d14      1%          6
 Maxwell's Capacitive Co  Air            56%        ∞         1%          8
 Blink                    Tloc           48%        N/A       3%          2
 Summon Cactus Giant      Summ           36%        N/A       4%          6
 Confusing Touch          Hex            24%        N/A       6%          3
 Gell's Gravitas          Tloc           24%        N/A       6%          3
 Lesser Beckoning         Tloc           24%        N/A       6%          3
 Spider Form              Tmut/Pois      24%        N/A       6%          3
 Teleport Other           Tloc           24%        N/A       6%          3
 Tukima's Dance           Hex            24%        N/A       6%          3
 Vampiric Draining        Necr           24%        2d7       6%          3
 Ice Form                 Ice/Tmut       40%        N/A       7%          4
 Summon Forest            Summ/Tloc      27%        N/A       7%          5
 Summon Mana Viper        Hex/Summ       54%        N/A       7%          5
 Petrify                  Tmut/Erth      37%        N/A       9%          4
 Yara's Violent Unravell  Hex/Tmut       12%        3d7       16%         5
 Anguish                  Hex/Necr       12%        N/A       21%         4
 Animate Dead             Necr           24%        N/A       21%         4
 Cause Fear               Hex            12%        N/A       21%         4
 Dispel Undead            Necr           24%        3d12      21%         4
 Passage of Golubria      Tloc           24%        N/A       21%         4
 Metabolic Englaciation   Hex/Ice        20%        N/A       21%         5
 Lehudib's Crystal Spear  Conj/Erth      50%        10d12     21%         8
 Borgnjor's Vile Clutch   Necr/Erth      18%        N/A       24%         5
 Agony                    Necr           24%        N/A       50%         5
 Alistair's Intoxication  Tmut/Pois      16%        N/A       50%         5
 Manifold Assault         Tloc           24%        N/A       50%         5
 Simulacrum               Ice/Necr       20%        N/A       73%         6
 Ignition                 Fire           32%        3d10      73%         8
 Fire Storm               Conj/Fire      53%        8d14      75%         9
 Statue Form              Tmut/Erth      24%        N/A       80%         6
 Death Channel            Necr           12%        N/A       97%         6
 Dispersal                Tloc           12%        N/A       97%         6
 Dragon Form              Tmut           12%        N/A       100%        7
 Enfeeble                 Hex            12%        N/A       100%        7
 Discord                  Hex            12%        N/A       100%        8
 Death's Door             Necr           12%        N/A       100%        9
 Polar Vortex             Ice            27%        N/A       100%        9
 Shatter                  Erth           24%        3d21*     100%        9


Dungeon Overview and Level Annotations

Branches:
Dungeon (15/15)            Temple (1/1) D:7            Lair (5/5) D:9
  Swamp (4/4) Lair:3       Spider (4/4) Lair:3        Slime (0/5) Lair:4
    Orc (2/2) D:12            Elf (3/3) Orc:2        Vaults (5/5) D:14
  Crypt (0/3) Vaults:3     Depths (4/4) D:15            Zot (4/5) Depths:4
Ossuary (visited)          Bailey (visited)           IceCv (visited)

Altars:
Ashenzari
Cheibriados
Dithmenos
Elyvilon
Fedhas
Gozag
Hepliaklqana
Kikubaaqudgha
Makhleb
Nemelex Xobeh
Okawaru
Qazlal
Ru
Sif Muna
Trog
Uskayaw
Vehumet
Wu Jian
Xom
Yredelemnul
Zin
The Shining One
Jiyva
Lugonu

Shops:
D:3 :   Orc:1 [   Orc:2 [[(:=   Vaults:5 ?   Depths:4 :*

Portals:
Hell: Depths:1 Depths:2 Depths:3 Depths:4
Abyss: D:10 Depths:3
Pandemonium: Depths:2
Ziggurat: Depths:3

Annotations:
D:6 exclusion: steam dragon
D:14 2 transporters
D:15 Roxanne
Elf:2 3 runed translucent doors
Elf:3 exclusion: door, Louise
Depths:2 2 transporters
Depths:3 3 runed translucent doors, Myahe's ghost, veteran FoFi
Zot:1 2 transporters


Innate Abilities, Weirdness & Mutations

You can breathe wild blasts of lightning.
Your glossy black scales are hard. (AC +12)
You cannot fit into any form of body armour.
Your large and strong wings let you fly.
You are resistant to electric shocks. (rElec)
You are cold-blooded and may be slowed by cold attacks.


Message History

The fireball explodes!
The fireball engulfs the orb of fire.
The orb of fire completely resists.
The fireball engulfs the orb of fire.
The orb of fire completely resists.
The fireball engulfs you!! You resist.
Okay, then.
Aiming: Mindburst
Press: ? - help, Shift-Dir - straight line, f/p - orb of fire
Aim: an orb of fire (almost destroyed, infinite will)
Okay, then.
Aiming: Bolt of Light
Press: ? - help, Shift-Dir - straight line, f/p - orb of fire
Aim: an orb of fire (almost destroyed, 42% to hit)
The bolt of light hits the orb of fire.
The orb of fire is almost destroyed.
The orb of fire is blinded.
The bolt of light misses the orb of fire.
The bolt of light hits something!!
The orb of fire glows red.
The bolt of fire misses you.
The orb of fire glows deep purple.
The bolt of fire hits you!!! You resist.
* * * LOW HITPOINT WARNING * * *
The orb of fire glows yellow.
The bolt of fire misses you.
Aiming: Bolt of Light
Press: ? - help, Shift-Dir - straight line, f - orb of fire, p - orb of fire
Aim: an orb of fire (almost destroyed, 42% to hit)
The bolt of light misses the orb of fire.
The bolt of light hits something.
You feel yourself speed up.
The orb of fire is no longer blind.
The orb of fire emits a lurid red light.
The fireball explodes!
The fireball engulfs you!! You resist.
* * * LOW HITPOINT WARNING * * *
The fireball engulfs the orb of fire.
The orb of fire completely resists.
The orb of fire glows deep purple.
The bolt of fire hits you!! You resist.
* * * LOW HITPOINT WARNING * * *
The orb of fire glows red.
The fireball explodes!
The fireball engulfs you!! You resist.
You die...

#..###..# #..#
#..^#...# ##.#
#......# #.#
#.##...# ##.#
..###..## #.##
..# ##..# #####
##.# .##
#...###...###.##
.##
#...........*.#
..#
#.^.......{*@.#
..#
#..§#########.#
..###...# #.#
...###.## ##.
..*....# .#
..#[..## #.
.###..# .. .#
#..# #. .# ##.##


You could see 2 orbs of fire.

Vanquished Creatures
  A dread lich (Vaults:4)
  An ancient lich (Vaults:5)
  2 juggernauts (Depths:3)
  Bai Suzhen (Vaults:5)
  A Killer Klown (Zot:2)
  3 caustic shrikes (Depths:4)
  Saint Roka (Orc:2)
  5 golden dragons
  Arachne (Spider:1)
  An electric golem (Zot:4)
  Jorgrun (Orc:2)
  2 walking earthen tomes
  A lich (Vaults:3)
  Mlioglotl (Swamp:3)
  6 tentacled monstrosities
  4 deep elf master archers (Elf:3)
  Gastronok (Lair:1)
  A walking divine tome (Zot:1)
  5 deep elf blademasters (Elf:3)
  2 titans
  2 sphinxes
  5 death cobs
  5 shadow dragons
  2 tengu reavers
  3 thorn hunters
  A draconian monk (Zot:1)
  9 storm dragons
  Agnes (Spider:1)
  A nargun (Zot:1)
  2 draconian knights
  14 vault wardens
  11 fire giants
  3 orc warlords
  8 frost giants
  The ghost of Smersh616 the Protected, a journeyman GnWn of Qazlal (Swamp:2)
  5 deep elf sorcerers
  An iron dragon (Depths:3)
  8 emperor scorpions
  4 ghost moths
  A hydra zombie (Swamp:4)
  Aizul (Swamp:2)
  A cacodemon (Depths:2)
  A ghoul (Swamp:2)
  3 deep elf elementalists (Elf:3)
  2 quicksilver oozes (IceCv)
  3 broodmothers
  8 ironbound preservers
  A draconian shifter (Zot:1)
  5 ironbound thunderhulks
  2 war gargoyles
  29 very ugly things
  A draconian annihilator (Zot:2)
  A juggernaut skeleton (Depths:1)
  9 stone giants
  Nessos (D:14)
  4 green draconians
  3 vampire knights
  2 black draconians
  3 deep elf demonologists
  6 eleionomae
  An elemental wellspring (Elf:1)
  8 deep elf annihilators
  8 spark wasps
  5 bunyips
  9 entropy weavers
  8 dire elephants
  4 white draconians
  2 red draconians
  6 yellow draconians
  5 purple draconians
  A crystal guardian (Vaults:2)
  Snorg (D:13)
  A deep elf death mage (Elf:3)
  6 ettins
  A fire dragon (Depths:4)
  3 deep elf high priests
  5 yaktaur captains
  3 shambling mangroves
  A quicksilver dragon skeleton (Vaults:4)
  A great orb of eyes (Vaults:4)
  5 ice dragons
  2 rakshasas
  5 spriggan air magi
  8 boulder beetles
  2 peacekeepers
  2 ghost crabs
  22 hydras
  31 vault guards
  2 ogre magi
  9 two-headed ogres
  The ghost of RascalDebosk the Shield-Bearer, a novice TrFi of Gozag (D:10)
  4 ironbound frosthearts
  A catoblepas (Lair:5)
  4 deep troll shamans
  6 death yaks
  7 centaur warriors
  14 alligators
  4 deep troll earth magi
  A vampire mage (Depths:1)
  An orc high priest (Orc:2)
  2 tengu warriors
  18 dancing weapons
  6 spriggan berserkers
  2 soul eaters
  5 iron trolls
  4 skeletal warriors (D:13)
  4 hell knights
  6 pharaoh ants
  9 deep elf knights
  A fire crab (shapeshifter) (D:10)
  A sun moth (Lair:3)
  6 spriggan druids
  A spark wasp zombie (Depths:1)
  3 spectral hydras (Swamp:4)
  11 deep trolls
  7 swamp dragons
  2 flayed ghosts
  A steelbarb worm (shapeshifter) (Vaults:5)
  5 steelbarb worms
  12 bog bodies
  5 goliath frogs
  8 wizards
  7 necromancers
  5 orb spiders
  7 deep elf archers
  3 glowing orange brains
  A shadow dragon zombie (Depths:1)
  19 deep elf pyromancers
  A harpy (Vaults:5)
  6 phantasmal warriors
  3 lindwurms
  A golden dragon skeleton (Depths:1)
  A stone giant zombie (Vaults:3)
  10 orc knights
  9 ironbound convokers
  2 oklob plants (Swamp:4)
  A faun (shapeshifter) (Elf:2)
  17 wolf spiders
  A cyclops (shapeshifter) (Vaults:4)
  23 deep elf zephyrmancers
  A sphinx skeleton (Vaults:3)
  4 will-o-the-wisps
  7 cyclopes
  4 manticores
  A fire giant zombie (Depths:1)
  6 orc sorcerers
  A salamander (Elf:1)
  43 ugly things
  13 moths of wrath
  A stone giant skeleton (Depths:1)
  10 vault sentinels
  17 elephants
  A rust devil (Depths:2)
  3 torpor snails
  A water nymph (shapeshifter) (Vaults:4)
  6 black mambas
  A guardian serpent (shapeshifter) (D:14)
  A smoke demon (D:11)
  A spriggan zombie (Depths:1)
  An unseen horror (D:13)
  9 cane toads
  A kobold demonologist (D:13)
  5 komodo dragons
  5 demonic crawlers
  2 tengu conjurers
  An efreet (D:13)
  19 yaktaurs
  2 hellwings (Depths:2)
  An ancient zyme (D:10)
  2 polar bears
  2 ice devils
  2 freezing wraiths
  3 meliai (D:13)
  2 bloated husks (Swamp:3)
  A red devil (D:11)
  2 death drake zombies (Swamp:4)
  3 trolls
  8 tyrant leeches
  16 tarantellas
  26 slime creatures
  13 hornets
  21 blink frogs
  2 death drake skeletons (Swamp:4)
  An iron dragon simulacrum (Depths:1)
  An ettin zombie (Vaults:4)
  46 jumping spiders
  A frost giant simulacrum (Vaults:4)
  A ynoxinul (Depths:2)
  16 spriggans
  6 air elementals
  12 water elementals
  A vampire (D:12)
  25 culicivoras
  2 fire elementals
  2 yaks (shapeshifter)
  5 wraiths
  4 wyverns
  A hog (shapeshifter) (Vaults:5)
  4 basilisks
  21 humans (D:14)
  41 yaks
  2 steam dragons
  2 redbacks (shapeshifter)
  67 redbacks
  23 vampire mosquitoes
  A neqoxec (D:11)
  10 swamp worms
  13 wargs
  16 water moccasins
  An acid dragon (D:12)
  2 hydra simulacra (Swamp:4)
  3 swamp drakes (Swamp:4)
  2 human skeletons
  49 orc warriors
  6 sky beasts
  2 black bears
  A great orb of eyes simulacrum (IceCv)
  2 swamp dragon zombies (Swamp:4)
  11 ogres
  3 boggarts (Vaults:3)
  An ice beast (D:5)
  24 wolves
  4 centaurs
  A centaur (shapeshifter) (Depths:3)
  2 slime creature simulacra (IceCv)
  A phantom (D:4)
  4 necrophages
  9 bullfrogs
  11 scorpions
  7 earth elementals
  3 glowing shapeshifter simulacra (IceCv)
  3 gnoll sergeants
  3 wights (D:8)
  16 killer bees
  3 electric eels (Spider:1)
  5 howler monkeys
  3 small abominations (D:10)
  2 centaur zombies (Ossuary)
  A quasit (D:11)
  2 jellies
  4 hounds
  30 orc priests
  2 gnoll boudas
  3 human zombies
  4 scorpion zombies (Ossuary)
  Natasha (thrice) (D:3)
  3 iguanas
  33 orc wizards
  Robin (D:3)
  3 mummies (Ossuary)
  18 gnolls
  3 adders
  2 shadow imps
  15 white imps
  An ufetubus (D:7)
  A worm (D:10)
  A dart slug (D:2)
  108 orcs
  5 bats
  7 endoplasms
  3 giant cockroaches
  8 hobgoblins
  3 ball pythons
  6 frilled lizards
  24 goblins
  2 goblin zombies (Ossuary)
  3 hobgoblin zombies (Ossuary)
  14 kobolds
  3 kobold zombies (Ossuary)
  2 orc zombies (Ossuary)
  4 rats
1761 creatures vanquished.

Vanquished Creatures (collateral kills)
  5 caustic shrikes (Depths:4)
  Margery (Vaults:4)
  The ghost of eruonna the Slayer, a veteran HOBe of Trog (Vaults:2)
  A curse toe (Zot:3)
  3 golden dragons
  A lich (Depths:3)
  4 tentacled monstrosities
  A deep elf blademaster (Elf:3)
  A titan (Vaults:5)
  A deep elf master archer (Elf:3)
  5 death cobs
  A sphinx (Vaults:4)
  4 storm dragons
  6 shadow dragons
  6 tengu reavers
  2 thorn hunters (Swamp:4)
  2 fire giants
  A deep elf sorcerer (Vaults:5)
  3 vault wardens
  2 frost giants
  A draconian stormcaller (Zot:1)
  2 narguns (Zot:1)
  3 draconian knights
  A draconian scorcher (Zot:1)
  4 iron dragons
  An orc warlord (Vaults:4)
  A balrug (Depths:1)
  A draconian shifter (Depths:4)
  2 war gargoyles
  3 stone giants
  2 ironbound preservers
  7 very ugly things
  4 ironbound thunderhulks
  3 black draconians
  A green draconian (Zot:1)
  4 elemental wellsprings (Elf:1)
  An eleionoma (Swamp:4)
  2 red draconians
  4 yellow draconians
  A dire elephant (Vaults:4)
  An entropy weaver (Vaults:3)
  2 white draconians
  The ghost of Dmuffinman the Fencer, a journeyman MiBe of Trog (Orc:1)
  3 deep elf annihilators (Elf:3)
  4 ettins
  A yaktaur captain (Vaults:5)
  A rakshasa (Depths:1)
  Harold (Lair:1)
  2 fire dragons (Depths:4)
  2 ice dragons
  2 peacekeepers (Vaults:4)
  A radroach (Spider:2)
  3 centaur warriors
  2 ironbound frosthearts
  2 dancing weapons
  A deep troll shaman (Depths:2)
  3 death yaks (Lair:5)
  A tengu warrior (D:15)
  A vampire mage (Depths:4)
  A deep elf knight (Elf:3)
  5 hell knights
  An iron troll (Depths:2)
  A spriggan druid (Swamp:4)
  4 deep trolls
  A swamp dragon (Swamp:4)
  2 wizards (Vaults:2)
  3 lindwurms
  2 deep elf archers (Elf:3)
  A golden dragon skeleton (Vaults:3)
  An ironbound convoker (Vaults:5)
  2 orc knights
  2 deep elf pyromancers
  A phantasmal warrior (Vaults:5)
  An oklob plant (Swamp:4)
  2 necromancers
  7 ugly things
  3 deep elf zephyrmancers
  2 elephants (Lair:5)
  A salamander (Elf:1)
  7 vault sentinels
  A moth of wrath (Zot:3)
  2 smoke demons (Depths:1)
  A tengu conjurer (D:15)
  5 yaktaurs
  2 hydra zombies (Swamp:4)
  A hornet (Swamp:4)
  2 slime creatures
  A death drake skeleton (Swamp:4)
  A jumping spider (Spider:2)
  A spriggan (shapeshifter) (Vaults:5)
  2 culicivoras (Vaults:3)
  A spriggan (Swamp:4)
  A redback (Vaults:3)
  A chaos spawn (Depths:2)
  A hydra simulacrum (Swamp:4)
  A warg (D:15)
  A glowing shapeshifter zombie (Vaults:4)
  4 orc warriors
  A spriggan simulacrum (Depths:1)
  3 ogres
  A swamp dragon skeleton (Swamp:4)
  An orc priest (Vaults:5)
  3 orcs
  3 fire vortices (Elf:1)
224 creatures vanquished.

Vanquished Creatures (others)
  A wizard (Elf:1)
  A deep elf knight (Elf:1)
  2 bloated husks
  A jelly (D:4)
  A quokka (D:3)
  75 ball lightnings
  5 demonic plants (D:11)
  13 foxfires
  45 fungi
  116 plants
260 creatures vanquished.

Grand Total: 2245 creatures vanquished

Notes
Turn   | Place    | Note
-------+----------+-------------------------------------------
     0 | D:1      | Rem the Draconian Conjurer began the quest for the Orb.
     0 | D:1      | Reached XP level 1. HP: 14/14 MP: 3/3
   304 | D:1      | Reached XP level 2. HP: 20/20 MP: 3/5
   894 | D:1      | Found a faded altar of an unknown god.
  1479 | D:2      | Reached XP level 3. HP: 26/26 MP: 5/7
  1515 | D:2      | Learned a level 2 spell: Searing Ray
  2003 | D:3      | Found Humim's Book Emporium.
  2084 | D:3      | Found a bloodstained altar of Trog.
  2254 | D:3      | Identified the +1 ring mail of Vemyof {Int+4 Dex-3}
  2381 | D:3      | Noticed Robin
  2474 | D:3      | Found an iron altar of Okawaru.
  2595 | D:3      | Noticed Natasha
  2605 | D:3      | Killed Natasha
  2606 | D:3      | Reached skill level 5 in Conjurations
  2606 | D:3      | Reached XP level 4. HP: 24/33 MP: 1/8
  2714 | D:3      | Noticed an ogre
  2738 | D:3      | Killed an ogre
  2739 | D:3      | Reached XP level 5. HP: 38/38 MP: 0/9
  2917 | D:3      | Found a white marble altar of Elyvilon.
  3062 | D:3      | Noticed Natasha
  3066 | D:3      | Killed Natasha
  3153 | D:3      | Noticed Natasha
  3162 | D:3      | Killed Natasha
  3578 | D:3      | Killed Robin
  3927 | D:4      | Reached XP level 6. HP: 45/45 MP: 7/10
  4238 | D:4      | Reached skill level 1 in Fighting
  5025 | D:5      | Entered Level 5 of the Dungeon
  5176 | D:5      | Noticed an ice beast
  5369 | D:5      | Your scales start taking on a glossy black colour.
  5369 | D:5      | Reached XP level 7. HP: 59/59 MP: 5/11
  5369 | D:5      | Gained mutation: You are resistant to electric shocks.
                  | (rElec) [Black Draconian growth]
  5421 | D:5      | Found an opulent altar of Gozag.
  5737 | D:5      | Found a sparkling altar of Nemelex Xobeh.
  5805 | D:5      | Reached skill level 5 in Fighting
  6827 | D:6      | Reached XP level 8. HP: 68/68 MP: 1/12
  7469 | D:6      | Found a blossoming altar of Fedhas.
  7730 | D:7      | Found a staircase to the Ecumenical Temple.
  7739 | Temple   | Entered the Ecumenical Temple
  7744 | Temple   | Became a worshipper of Vehumet
  7886 | D:7      | Found a sand-covered staircase.
  7892 | Ossuary  | Entered an ossuary
  9113 | Ossuary  | Reached skill level 5 in Spellcasting
  9113 | Ossuary  | Reached XP level 9. HP: 79/79 MP: 11/16
  9468 | D:7      | Identified the +2 ring mail of Eschoenu {rPois Int+2}
  9856 | D:7      | Reached * piety under Vehumet
  9856 | D:7      | Offered knowledge of Sandblast by Vehumet.
  9857 | D:7      | Reached skill level 10 in Conjurations
 10203 | D:8      | Found a flagged portal.
 10356 | Bailey   | Entered a bailey
 10862 | Bailey   | Reached skill level 5 in Dodging
 11118 | Bailey   | Noticed an orc knight
 11478 | D:8      | Offered knowledge of Static Discharge by Vehumet.
 11642 | D:8      | Reached ** piety under Vehumet
 11643 | D:8      | Reached skill level 1 in Air Magic
 11646 | D:8      | Learned a level 2 spell: Static Discharge
 11752 | D:8      | Reached skill level 2 in Air Magic
 11798 | D:8      | Reached skill level 3 in Air Magic
 11798 | D:8      | Reached XP level 10. HP: 91/91 MP: 9/17
 11875 | D:8      | Found the ring of the Tortoise {AC+8}
 11876 | D:8      | Noticed a cyclops
 11876 | D:8      | Noticed a four-headed hydra
 11876 | D:8      | Noticed a two-headed ogre
 11981 | D:8      | Killed a four-headed hydra
 11982 | D:8      | Reached skill level 4 in Air Magic
 12139 | D:8      | Killed a cyclops
 12140 | D:8      | Reached skill level 10 in Fighting
 12747 | D:8      | Killed a two-headed ogre
 12915 | D:9      | Noticed a two-headed ogre
 12924 | D:9      | Killed a two-headed ogre
 13313 | D:9      | Reached XP level 11. HP: 98/102 MP: 11/20
 13587 | D:9      | Offered knowledge of Inner Flame by Vehumet.
 13624 | D:9      | Found an ornate altar of the Wu Jian Council.
 13624 | D:9      | Found a hide-covered altar of Uskayaw.
 13625 | D:9      | Found a stormy altar of Qazlal.
 13625 | D:9      | Found a glowing silver altar of Zin.
 13682 | D:9      | Reached skill level 5 in Air Magic
 13718 | D:9      | Found a staircase to the Lair.
 14284 | D:9      | Reached *** piety under Vehumet
 14315 | D:10     | Entered Level 10 of the Dungeon
 14589 | D:10     | Found a transporter.
 14597 | D:10     | Noticed a soul eater
 14670 | D:10     | Found a transporter.
 14683 | D:10     | Found a sacrificial altar of Ru.
 14687 | D:10     | Noticed a centaur warrior
 14703 | D:10     | Killed a centaur warrior
 14913 | D:10     | Found a one-way gate to the infinite horrors of the Abyss.
 14913 | D:10     | Noticed RascalDebosk's ghost (novice TrFi)
 15074 | D:10     | Offered knowledge of Ignite Poison by Vehumet.
 15145 | D:10     | Noticed a two-headed ogre
 15164 | D:10     | Killed a two-headed ogre
 15375 | D:10     | Found a snail-covered altar of Cheibriados.
 15604 | D:11     | Identified 2 scrolls of acquirement
 15604 | D:11     | Acquired the +9 staff of Wucad Mu {*channel}
 15604 | D:11     | Found the +9 staff of Wucad Mu {*channel}
 15635 | D:11     | Noticed a two-headed ogre
 15722 | D:11     | Reached **** piety under Vehumet
 15899 | D:11     | Offered knowledge of Sticky Flame by Vehumet.
 15913 | D:11     | Killed a two-headed ogre
 15919 | D:11     | Learned a level 4 spell: Sticky Flame
 16035 | D:11     | Found a frozen archway.
 16124 | IceCv    | Entered an ice cave
 16398 | IceCv    | Noticed a quicksilver ooze
 16413 | IceCv    | Killed a quicksilver ooze
 16771 | IceCv    | Noticed a quicksilver ooze
 16811 | IceCv    | Killed a quicksilver ooze
 16812 | IceCv    | Reached skill level 5 in Fire Magic
 16812 | IceCv    | Reached XP level 12. HP: 24/115 MP: 8/24
 17155 | IceCv    | Noticed a quicksilver ooze
 17955 | D:11     | Reached skill level 1 in Staves
 18247 | D:3      | Bought a book of Scorching for 300 gold pieces
 18252 | D:3      | Learned a level 4 spell: Flame Wave
 18384 | Lair:1   | Entered Level 1 of the Lair of Beasts
 18578 | Lair:1   | Found a sacrificial altar of Ru.
 18830 | Lair:1   | Reached ***** piety under Vehumet
 18830 | Lair:1   | Offered knowledge of Eringya's Noxious Bog by Vehumet.
 18923 | Lair:1   | Noticed Harold
 19091 | Lair:1   | Noticed Gastronok
 19171 | Lair:1   | Killed Gastronok
 19180 | Lair:1   | Acquired the +0 buckler of the Orcish Mines {rElec rPois
                  | Regen+}
 19673 | Lair:1   | Reached skill level 1 in Evocations
 19986 | Lair:2   | Upgraded the game from 0.29.0-4-gdea44cf6ec to
                  | 0.29.0-11-gd7f09526c8
 20678 | Lair:2   | Reached skill level 5 in Evocations
 21382 | Lair:3   | Reached XP level 13. HP: 122/122 MP: 15/25
 21812 | Lair:3   | Found a hole to the Spider Nest.
 22264 | Lair:3   | Found a staircase to the Swamp.
 22568 | Lair:3   | Reached skill level 5 in Staves
 23728 | Lair:4   | Identified the +2 robe of Bitterness {Str+3}
 24158 | Lair:4   | Offered knowledge of Ozocubu's Refrigeration by Vehumet.
 24316 | Lair:4   | Found a viscous altar of Jiyva.
 24316 | Lair:4   | Found a staircase to the Slime Pits.
 24457 | Lair:5   | Entered Level 5 of the Lair of Beasts
 25909 | Lair:5   | Gained mutation: Your large and strong wings let you fly.
                  | [Black Draconian growth]
 25909 | Lair:5   | Reached XP level 14. HP: 90/132 MP: 17/26
 27289 | D:12     | Found a staircase to the Orcish Mines.
 29049 | D:13     | Reached skill level 1 in Shields
 30042 | D:13     | Reached skill level 5 in Shields
 30086 | D:14     | Found a transporter.
 30342 | D:14     | Noticed Snorg
 30361 | D:13     | Killed Snorg
 30545 | D:14     | Noticed Nessos
 30557 | D:14     | Killed Nessos
 30869 | D:14     | Reached skill level 15 in Fighting
 31189 | D:14     | Reached skill level 6 in Air Magic
 31272 | D:14     | Reached skill level 7 in Air Magic
 31360 | D:14     | Offered knowledge of Freezing Cloud by Vehumet.
 31367 | D:14     | Learned a level 5 spell: Freezing Cloud
 31398 | D:14     | Reached XP level 15. HP: 141/141 MP: 23/28
 31400 | D:14     | Reached skill level 1 in Ice Magic
 31492 | D:14     | Found a gate to the Vaults.
 31622 | D:14     | Identified the +8 dagger of Xoni {flame, rC+ Stlth+}
 31860 | D:14     | Found a transporter.
 31916 | D:14     | Found a bloodstained altar of Trog.
 31916 | D:14     | Found the necklace of Bloodlust {*Rage Will++ Int-3 Slay+6}
 31947 | D:15     | Entered Level 15 of the Dungeon
 31947 | D:15     | Noticed a fire giant
 31947 | D:15     | Found a staircase to the Depths.
 32057 | D:15     | Noticed Roxanne
 32401 | Orc:1    | Entered Level 1 of the Orcish Mines
 32626 | Orc:1    | Found a transporter.
 32626 | Orc:1    | Noticed Dmuffinman's ghost (journeyman MiBe)
 32634 | Orc:1    | Found a transporter.
 32823 | Orc:1    | Found Titt's Antique Armour Emporium.
 33074 | Orc:1    | Noticed an orc warlord
 33133 | D:12     | Killed an orc warlord
 33477 | Orc:1    | Reached skill level 5 in Ice Magic
 33696 | Orc:1    | Found the +1 cloak of Starlight {*Dazzle EV+4 Stlth--}
 33740 | Orc:1    | Identified the +6 morningstar of the Extremes {flame,
                  | *Noise rPois rN+ Dex+4}
 33789 | Orc:1    | Noticed an orc warlord
 33877 | Orc:1    | Killed an orc warlord
 34018 | Orc:2    | Entered Level 2 of the Orcish Mines
 34018 | Orc:2    | Noticed an orc warlord
 34018 | Orc:2    | Found a staircase to the Elven Halls.
 34101 | Orc:2    | Reached ****** piety under Vehumet
 34164 | Orc:2    | Found Ankau's Jewellery Shop.
 34327 | Orc:1    | Killed an orc warlord
 34554 | Orc:2    | Noticed Saint Roka
 34573 | Orc:2    | Paralysed by an orc sorcerer for 2 turns
 34642 | Orc:2    | Offered knowledge of Conjure Ball Lightning by Vehumet.
 34676 | Orc:2    | Learned a level 6 spell: Conjure Ball Lightning
 35176 | Orc:2    | Reached skill level 8 in Air Magic
 35317 | Orc:2    | Found Mowouph's Weapon Emporium.
 35317 | Orc:2    | Found Poipeyn's Armour Shoppe.
 35320 | Orc:2    | Found Ythral's Armour Shoppe.
 35322 | Orc:2    | Found Zalaaled's Book Emporium.
 35329 | Orc:2    | Bought a +1 pair of boots of flying for 247 gold pieces
 35341 | Orc:2    | Bought a +0 pair of gloves of dexterity for 184 gold pieces
 35529 | Orc:2    | Noticed Jorgrun
 35772 | Swamp:1  | Entered Level 1 of the Swamp
 35886 | Swamp:1  | You are sucked into a shaft and drop 1 floor!
 35904 | Swamp:2  | Reached skill level 9 in Air Magic
 35985 | Swamp:2  | Reached skill level 10 in Air Magic
 36129 | Swamp:2  | Offered knowledge of Spellforged Servitor by Vehumet.
 36149 | Swamp:2  | Noticed a thorn hunter
 36292 | Swamp:2  | Identified the ring of Nusuna {Ice rElec Will- Str+6 Int-5}
 36529 | Swamp:2  | Reached skill level 11 in Air Magic
 36813 | Swamp:1  | Identified the ring of Icziot {rPois rF- Int+7 Dex+6}
 37405 | Swamp:1  | Acquired the Commentary on Helpful Hypothermia
 37412 | Swamp:1  | Learned a level 4 spell: Summon Lightning Spire
 37568 | Swamp:2  | Reached skill level 1 in Summonings
 37576 | Swamp:2  | Reached XP level 16. HP: 134/149 MP: 24/29
 37580 | Swamp:2  | Found a runed translucent door.
 37581 | Swamp:2  | Found a shimmering altar of Xom.
 37581 | Swamp:2  | Noticed Smersh616's ghost (journeyman GnWn)
 37581 | Swamp:2  | Identified the +5 great sword "Fesm" {chaos, rPois Will+}
 37703 | Swamp:3  | Noticed Aizul
 37744 | Swamp:2  | Killed Aizul
 37875 | Swamp:2  | Reached skill level 10 in Staves
 37951 | Swamp:3  | Noticed a thorn hunter
 37957 | Swamp:3  | Killed a thorn hunter
 38294 | Swamp:3  | Reached skill level 5 in Summonings
 38476 | Swamp:3  | Identified the +7 war axe "Vijef" {drain, Drain Fly Int+4}
 38633 | Swamp:3  | Noticed a thorn hunter
 38648 | Swamp:3  | Killed a thorn hunter
 39133 | Swamp:2  | Killed a thorn hunter
 39133 | Swamp:2  | Offered knowledge of Lightning Bolt by Vehumet.
 39149 | Swamp:2  | Learned a level 5 spell: Lightning Bolt
 39479 | Swamp:4  | Entered Level 4 of the Swamp
 39496 | Swamp:4  | Noticed Mlioglotl
 39576 | Spider:1 | Entered Level 1 of the Spider Nest
 39960 | Spider:1 | Reached skill level 10 in Spellcasting
 40263 | Spider:1 | Found the +8 Vampire's Tooth {vamp}
 40469 | Spider:1 | Identified the +1 robe of Idwuadyq {Will+ Int+4}
 40624 | Spider:1 | You are sucked into a shaft and drop 1 floor!
 40765 | Spider:2 | Noticed Arachne
 40983 | Spider:1 | Offered knowledge of Ignition by Vehumet.
 41153 | Spider:2 | Noticed Agnes
 41166 | Spider:1 | Killed Agnes
 41899 | Spider:1 | Killed Arachne
 41900 | Spider:1 | Reached XP level 17. HP: 74/158 MP: 10/31
 42539 | Spider:3 | Identified the +0 ring mail of Xiom {*Corrode rElec Will+++
                  | Str+4}
 42709 | Spider:3 | Reached skill level 15 in Conjurations
 43712 | Spider:4 | Entered Level 4 of the Spider Nest
 43784 | Spider:4 | Reached skill level 12 in Air Magic
 43871 | Spider:4 | Offered knowledge of Shatter by Vehumet.
 43871 | Spider:4 | Offered knowledge of Chain Lightning by Vehumet.
 43871 | Spider:4 | Offered knowledge of Maxwell's Capacitive Coupling by
                  | Vehumet.
 46606 | Spider:4 | Got a gossamer rune of Zot
 46614 | Spider:4 | Identified the +1 pair of gloves "Nufeunus" {rC+ rN++}
 47135 | Swamp:3  | Killed Mlioglotl
 47642 | Swamp:4  | Reached XP level 18. HP: 153/166 MP: 10/33
 48175 | Swamp:4  | Paralysed by something for 2 turns
 48181 | Swamp:4  | Paralysed by something for 4 turns
 48595 | Swamp:4  | Found a blossoming altar of Fedhas.
 48603 | Swamp:4  | Found a basalt altar of Yredelemnul.
 48629 | Swamp:4  | Got a decaying rune of Zot
 48858 | D:10     | Killed RascalDebosk's ghost
 49053 | Vaults:1 | Entered Level 1 of the Vaults
 49481 | Vaults:1 | Reached skill level 13 in Air Magic
 49869 | Vaults:1 | Reached skill level 14 in Air Magic
 51001 | Vaults:2 | HP: 2/169 [crystal guardian/crystal bolt[a peacekeeper]
                  | (24)]
 51194 | Vaults:2 | Found a runed translucent door.
 51194 | Vaults:2 | Found a shimmering altar of Xom.
 51195 | Vaults:2 | Noticed eruonna's ghost (veteran HOBe)
 52007 | Vaults:2 | Reached XP level 19. HP: 179/179 MP: 30/34
 52721 | Vaults:3 | Reached skill level 15 in Air Magic
 53020 | Vaults:3 | Identified the amulet of Canulon {Spirit Rampage rC+ Dex+4}
 53196 | Vaults:3 | Found a staircase to the Crypt.
 53579 | Vaults:3 | Reached skill level 16 in Air Magic
 54155 | Vaults:4 | Reached skill level 17 in Air Magic
 54676 | Vaults:4 | Reached skill level 18 in Air Magic
 55326 | Vaults:4 | Reached skill level 19 in Air Magic
 55426 | Vaults:4 | Noticed Margery
 56087 | Vaults:4 | Killed Margery
 56527 | Elf:1    | Entered Level 1 of the Elven Halls
 56528 | Elf:1    | Paralysed by an air elemental for 1 turns
 56539 | Elf:1    | Paralysed by an air elemental for 1 turns
 56544 | Elf:1    | Paralysed by an air elemental for 1 turns
 56551 | Elf:1    | Paralysed by an air elemental for 1 turns
 56637 | Orc:2    | Killed Saint Roka
 56759 | Elf:1    | Reached XP level 20. HP: 185/187 MP: 24/35
 56760 | Elf:1    | Reached skill level 20 in Air Magic
 56878 | Orc:2    | Killed Jorgrun
 57845 | Elf:1    | Found a runed translucent door.
 58045 | Elf:1    | Paralysed by an air elemental for 1 turns
 58204 | Elf:1    | Identified the +8 trident of the Owl {vorpal, rPois rCorr}
 58208 | Elf:1    | Reached skill level 21 in Air Magic
 59096 | Elf:2    | Found a runed translucent gate.
 59096 | Elf:2    | Found a runed translucent gate.
 59096 | Elf:2    | Found a runed translucent gate.
 59180 | Elf:3    | Entered Level 3 of the Elven Halls
 59209 | Elf:3    | Paralysed by an air elemental for 1 turns
 59211 | Elf:3    | Paralysed by an air elemental for 1 turns
 59216 | Elf:3    | Paralysed by an air elemental for 1 turns
 59221 | Elf:3    | Paralysed by an air elemental for 1 turns
 59670 | Elf:3    | Noticed Louise
 61238 | Elf:3    | Reached skill level 22 in Air Magic
 61519 | Elf:3    | Identified the +1 battleaxe of Mieribuf {protect, rN+ MP+9
                  | Str+4 Int-3}
 61649 | Elf:3    | Got Apesken's Meditations on the Mortuary and Damage
                  | Dealing
 61660 | Elf:3    | Identified the ring "Uzxohigh" {Contam rElec rPois rCorr}
 61671 | Elf:3    | Identified the +9 rapier of Bloodstone {vorpal, *Slow rPois
                  | Str+8 Dex+9}
 61701 | Elf:3    | Identified the +5 lajatang "Eckasen" {flame, rElec Dex+10}
 61868 | Elf:3    | Paralysed by an air elemental for 1 turns
 61872 | Elf:3    | Paralysed by an air elemental for 1 turns
 61979 | Elf:3    | Paralysed by an air elemental for 1 turns
 62235 | Elf:3    | Identified the +6 war axe of Robberph {vorpal, Will++
                  | Str-4}
 62931 | D:15     | Identified the +4 long sword of Gozag {flame, Int+5}
 63437 | Depths:1 | Entered Level 1 of the Depths
 63474 | Depths:1 | Found a gateway to Hell.
 63480 | Depths:1 | Identified the +5 quarterstaff of Bifos {antimagic, rPois
                  | rF+ rCorr Stlth+}
 63482 | Depths:1 | Identified the +0 chain mail of the Devil {*Slow rPois
                  | Int-5 Slay+5}
 63590 | Depths:1 | Reached XP level 21. HP: 194/198 MP: 27/37
 65012 | Depths:2 | Found a transporter.
 65024 | Depths:2 | Reached skill level 23 in Air Magic
 66025 | Depths:2 | Found a transporter.
 66137 | Depths:2 | Found a one-way gate leading to the halls of Pandemonium.
 66314 | Depths:2 | Found a basalt altar of Yredelemnul.
 66719 | Depths:3 | Found a corrupted altar of Lugonu.
 66907 | Depths:3 | Noticed a golden dragon
 67021 | Depths:3 | Killed a golden dragon
 67236 | Depths:3 | Reached skill level 10 in Summonings
 67554 | Depths:3 | Found a one-way gateway to a ziggurat.
 67585 | Depths:3 | Noticed a juggernaut
 67615 | Depths:3 | Killed a juggernaut
 67817 | Depths:3 | Noticed a juggernaut
 67822 | Depths:3 | Killed a juggernaut
 67907 | Depths:3 | Found a runed translucent gate.
 67907 | Depths:3 | Found a runed translucent gate.
 67907 | Depths:3 | Found a runed translucent gate.
 67907 | Depths:3 | Noticed Myahe's ghost (veteran FoFi)
 68155 | Depths:3 | Learned a level 7 spell: Spellforged Servitor
 68162 | Depths:3 | Learned a level 6 spell: Iron Shot
 68926 | Depths:4 | Entered Level 4 of the Depths
 69106 | Depths:3 | Reached skill level 1 in Earth Magic
 69438 | Depths:4 | Reached XP level 22. HP: 209/209 MP: 17/38
 69495 | Depths:4 | Noticed a caustic shrike
 69499 | Depths:4 | Noticed a caustic shrike
 69499 | Depths:4 | Noticed a caustic shrike
 69635 | Depths:4 | Killed a caustic shrike
 69635 | Depths:4 | Killed a caustic shrike
 69637 | Depths:4 | Killed a caustic shrike
 69796 | Depths:4 | Noticed a caustic shrike
 69804 | Depths:4 | Killed a caustic shrike
 69812 | Depths:4 | Noticed a caustic shrike
 69817 | Depths:4 | Noticed a caustic shrike
 69817 | Depths:4 | Killed a caustic shrike
 69821 | Depths:4 | Killed a caustic shrike
 69966 | Depths:4 | Noticed a caustic shrike
 69968 | Depths:4 | Noticed a caustic shrike
 69971 | Depths:4 | Killed a caustic shrike
 69972 | Depths:4 | Killed a caustic shrike
 70445 | Depths:4 | Found Boxziu's Assorted Antiques.
 70453 | Depths:4 | Bought a potion of curing for 129 gold pieces
 70453 | Depths:4 | Bought 2 potions of cancellation for 688 gold pieces
 70453 | Depths:4 | Bought a potion of heal wounds for 215 gold pieces
 70453 | Depths:4 | Found Sezix's Book Boutique.
 70467 | Depths:4 | Bought a manual of Shields for 960 gold pieces
 70467 | Depths:4 | Bought a book of Spatial Translocations for 312 gold pieces
 71310 | Depths:4 | Found a gate to the Realm of Zot.
 72270 | Swamp:2  | Killed Smersh616's ghost
 72383 | Lair:1   | Killed Harold
 72989 | Orc:1    | Reached skill level 10 in Shields
 73002 | Orc:1    | Killed Dmuffinman's ghost
 73287 | Elf:1    | Identified the ring "Miuloemnif" {*Corrode EV+4 Dex+3}
 73582 | Elf:1    | Found a runed translucent door.
 73643 | Elf:1    | Got the Almanac of Conduction
 73646 | Elf:1    | Got the Codex of Combustion
 73648 | Elf:1    | Got the Compendium of the Ground
 74115 | Vaults:2 | Killed eruonna's ghost
 74121 | Vaults:2 | Identified the +1 plate armour "Qaaj" {Harm Regen+ MP+9
                  | Str+3}
 74233 | Vaults:5 | Entered Level 5 of the Vaults
 74243 | Vaults:5 | Reached skill level 24 in Air Magic
 74261 | Vaults:5 | Noticed a golden dragon
 74264 | Vaults:5 | Reached skill level 25 in Air Magic
 74268 | Vaults:5 | Reached XP level 23. HP: 48/215 MP: 31/41
 74409 | Vaults:5 | Noticed a dread lich
 74409 | Vaults:5 | Noticed Bai Suzhen
 74562 | Vaults:4 | Reached skill level 26 in Air Magic
 74685 | Vaults:4 | Paralysed by something for 2 turns
 74694 | Vaults:4 | Killed a dread lich
 74800 | Vaults:5 | Noticed an ancient lich
 74841 | Vaults:5 | Identified the +10 dagger of Undoing {vorpal, *Slow rN+
                  | Str+4}
 74895 | Vaults:5 | Reached skill level 15 in Spellcasting
 75241 | Vaults:5 | Found Poguopah's Magic Scroll Shop.
 75249 | Vaults:5 | Bought a scroll of teleportation for 51 gold pieces
 75249 | Vaults:5 | Bought a scroll of blinking for 127 gold pieces
 75249 | Vaults:5 | Bought a scroll of teleportation for 51 gold pieces
 75249 | Vaults:5 | Bought a scroll of amnesia for 68 gold pieces
 75284 | Vaults:5 | Identified the +1 ring mail "Rywereuki" {rPois rF+ Str+2}
 75409 | Vaults:5 | Reached skill level 27 in Air Magic
 75434 | Vaults:4 | HP: 5/215 [titan/the air (15)]
 75722 | Vaults:5 | Identified the +11 quarterstaff of Xievu {holy, *Corrode
                  | Str+6 Int+5}
 75872 | Vaults:5 | Killed an ancient lich
 76496 | Vaults:5 | Identified the +5 hand crossbow of a wizard's laboratory
                  | {elec, Fragile Int+6}
 76678 | Vaults:5 | Got a silver rune of Zot
 76911 | Vaults:5 | Killed Bai Suzhen
 77369 | Zot:1    | Entered Level 1 of the Realm of Zot
 78077 | Zot:1    | Found a transporter.
 78253 | Zot:1    | Identified the +6 double sword "Faw Hiet" {freeze, Fly rC+
                  | Will+ Str+2}
 78446 | Zot:1    | Identified the +4 double sword "Eghoihi" {vorpal, Str+5}
 78494 | Zot:1    | Identified the +6 double sword "Qeutuch" {venom, rF++ Will+
                  | Str+2 SInv}
 78981 | Zot:1    | Found a transporter.
 79036 | Zot:2    | Noticed a Killer Klown
 79345 | Zot:2    | Killed a Killer Klown
 79346 | Zot:2    | Reached XP level 24. HP: 218/222 MP: 27/43
 79906 | Zot:2    | Got the Writings on Sculpting and Clouds
 81678 | Zot:3    | Identified the +1 leather armour of the Invisible Hand {rF+
                  | MP-9 Dex+7}
 82976 | Zot:4    | Noticed an orb of fire
 82979 | Zot:4    | Noticed an orb of fire
 83019 | Zot:4    | Killed from afar by an orb of fire

Illustrated notes

Levels and vault maps discovered:
D:1:      dpeg_arrival_arbitrary_c, layout_basic,
          shapermc_ecumenical_altar_mp_ritualfount
D:2:      layout_rooms
D:3:      layout_basic, elyvilon_altar_4, trog_three_pillars_becter,
          nicolae_overflow_hidden_temple, serial_shops, nicolae_shop_waterfront,
          hangedman_feature_mirror, minmay_ogre_servants, uniq_natasha,
          uniq_robin
D:4:      layout_basic, serial_co_window_serial, co_window_paths_b,
          co_window_paths_a, co_window_cross_1, co_window_cross_1,
          co_window_paths_b, co_window_cross_2, co_window_corner_cb,
          co_window_corner_b, co_window_unsneaky_path_a, co_window_broadway_a,
          co_window_corner_b, glass_columns_a, glass_columns_b, glass_columns_a,
          glass_columns_b, glass_columns_b, lemuel_flame_loot_1
D:5:      layout_basic, nemelex_altar_shiori,
          nicolae_gozag_cash_rules_everything_around_me
D:6:      layout_basic, fedhas_altar_2
D:7:      layout_cave_pools, minmay_temple_entry_tees,
          nicolae_ossuary_entry_plus
D:8:      layout_basic, enter_bailey_5, minmay_misc_feat_rows, minmay_radiant
D:9:      layout_gridville, grunt_temple_overflow_cloverleaf,
          erik_lair_orcish_takeover
D:10:     layout_irregular_city, cheibrodos_worm_habitat, lemuel_tele_altar,
          gammafunk_ghost_abyssal_escape
D:11:     layout_loops_ring, serial_demonic, serial_demonic_d, serial_demonic_b,
          serial_demonic_e, serial_demonic_c, portal_ice_cave_entry_imps
D:12:     layout_loops_corners, david_orc_1_choice
D:13:     layout_roguey, minmay_increasing_density
D:14:     emtedronai_trogs_sanctum, layout_cave_pools,
          grunt_vaults_entry_tiered, serial_column_ruins,
          column_ruins_open_small, column_ruins_open_small_water,
          column_ruins_columns_corner, uniq_nessos, uniq_snorg
D:15:     grunt_enter_depths_giant_problem, layout_irregular_city, uniq_roxanne
Temple:   hellmonk_temple_micro_hex
Lair:1:   layout_chaotic_city, basic_altar, grunt_megastairs_4, uniq_gastronok,
          uniq_harold
Lair:2:   layout_chaotic_city
Lair:3:   layout_misc_corridors, minmay_swamp_entry_swarm,
          nicolae_spider_entry_tight_spaces, beast_lair_carwin_8
Lair:4:   layout_gridlike, nicolae_slime_entry_slimehenge
Lair:5:   grunt_lair_end_beastmaster, layout_regular_city, lemuel_fruit_tree
Swamp:1:  layout_falls_marsh, hangedman_swamp_lotus, hangedman_swamp_ravenous
Swamp:2:  nicolae_swamp_secret_spriggan_hideout, layout_basic_swamp,
          ebering_ghost_xom, infiniplex_staircase_pool, swamp_pool3,
          nicolae_swamp_baby_hydras
Swamp:3:  layout_falls_marsh, nicolae_swamp_dense_foliage, uniq_aizul
Swamp:4:  byrel_swamp_growth_death_and_undeath, layout_basic_swamp,
          uniq_mlioglotl
Spider:1: nicolae_spider_jumping_over_cracks
          [nicolae_spider_jumping_sub_no_exit, nicolae_spider_jumping_sub_lanes,
          nicolae_spider_jumping_sub_plain, nicolae_spider_jumping_sub_pools]
Spider:2: layout_spider_delve, uniq_arachne, uniq_agnes
Spider:3: layout_spider_delve
Spider:4: grunt_spider_rune_circles, hellmonk_spider_spawner
Orc:1:    layout_caves, gammafunk_ghost_arena, serial_shops,
          nicolae_shop_overgrown_old_shop, minmay_orc_treasury
Orc:2:    st_orc_mages, layout_diamond_mine, serial_shops, shop,
          uniq_saint_roka, uniq_jorgrun
Elf:1:    mu_elemental_laboratory, layout_loops_ring, minivault_28
Elf:2:    elven_hall_of_blades_hangedman_original [nicolae_blade_lattice],
          layout_geoelf_diagonals
Elf:3:    minmay_elf_hall, layout_geoelf_diagonals, evilmike_minifort,
          uniq_louise
Vaults:1: v_misc_24, vaults_room_grunt_arrival_checkpoint,
          nicolae_vaults_little_squares_4, layout_vaults_omnigrid
Vaults:2: ebering_ghost_xom, nicolae_vaults_network_barrier,
          hangedman_vaults_cutoff, v_rooms_4, nicolae_vaults_border_crossing,
          st_lattice, v_misc_13, v_misc_22, ontoclasm_vaults_gateway,
          vaults_standard_mumra_lines, vaults_mumra_hexcomb,
          vaults_room_stairs_pillars, layout_vaults_omnibox
Vaults:3: v_misc_14, st_cross, vaults_dpeg_emergency_exit,
          hangedman_vaults_restitches, minmay_crypt_entry_nasty_monster,
          vaults_mumra_minichess, hangedman_vaults_slice, grunt_vaults_funnel,
          vaults_room_pool, nicolae_vaults_little_squares_6,
          layout_vaults_chaotic_city
Vaults:4: nicolae_vaults_network_quinsquares
          [nicolae_vaults_network_quincunx_subvault,
          nicolae_vaults_network_quincunx_subvault,
          nicolae_vaults_network_quincunx_subvault,
          nicolae_vaults_network_quincunx_subvault], hangedman_vaults_nails,
          ontoclasm_vaults_shuriken, hangedman_vaults_slice, v_misc_27,
          v_rooms_2, ontoclasm_vaults_hangar, nicolae_vaults_puzzle_piece,
          grunt_vaults_diagonal, nicolae_vaults_little_squares_6,
          layout_vaults_maze_bifur, uniq_margery
Vaults:5: serial_shops, uniq_bai_suzhen
Depths:1: layout_basic, lightli_too_deep, serial_sigils_hangedman_carve,
          hangedman_abyss_or_decor_passed,
          nicolae_concentric_dashed_squares_wild, dreamdust_looks_like_rain
Depths:2: gammafunk_its_a_trap, layout_cave_shapes,
          chequers_serial_rivers_marsh, grunt_pan_entry_zigzag, hell_entry,
          yredelemnul_altar_generic
Depths:3: minmay_swirls_squares, layout_cave_shapes, enter_ziggurat_e,
          infiniplex_staircase_pool_1, biasface_ghost_demon_polymorph,
          pf_hell_entry_tar_spiral, abyss_entry_flame_altar, minivault_11
Depths:4: grunt_zot_entry_pinwheel, layout_gridlike, grunt_hell_entry_dis_grunt,
          minmay_misc_feat_tower, serial_bayou_shore_a, serial_bayou_shore_b,
          minmay_shoptagon
Zot:1:    gammafunk_dig_for_victory, layout_twisted_circle,
          nicolae_rock_paper_scissors
Zot:2:    layout_misc_corridors, st_small_dragon_hoard_1, st_stairs_3,
          hangedman_zot_decor_tridents
Zot:3:    layout_cathedral_of_symmetry, lemuel_elevator
Zot:4:    lemuel_draconian_sentries, layout_cathedral_of_symmetry, drop_trap,
          lemuel_lake_of_fire

Skill      XL: |  1  2  3  4  5  6  7  8  9 10 11 12 13 14 15 16 17 18 19 20 21 22 23 24 |
---------------+-------------------------------------------------------------------------+-----
Spellcasting   | 3 5 6 8 9 10 11 12 14 16 | 16.0
Conjurations   | 5 6 7 8 9 10 11 13 14 16 17 18 19 20 21 | 21.0
Fighting       | 4 5 7 9 11 13 14 15 16 18 19 20 21 22 | 22.8
Dodging        | 3 5 7 9 |  9.0
Air Magic      | 3 4 5 7 11 12 14 19 22 23 25 27 | 27.0
Fire Magic     | 5 7 8 |  8.0
Staves         | 4 8 9 10 12 | 12.0
Evocations     | 6 8 |  8.0
Shields        | 5 7 8 10 13 | 13.4
Ice Magic      | 5 |  5.0
Summonings     | 1 6 10 | 10.0
Earth Magic    | 3 4 |  4.0
Stealth        | |  1.7

Action                   |  1- 3 |  4- 6 |  7- 9 | 10-12 | 13-15 | 16-18 | 19-21 | 22-24 || total
-------------------------+-------+-------+-------+-------+-------+-------+-------+-------++-------
Melee: Unarmed           |    25 |       |       |       |       |       |       |       ||    25
       Tailslap          |     3 |       |     4 |    10 |   160 |   241 |   198 |    77 ||   693
       Short sword       |     5 |     5 |       |       |       |       |       |       ||    10
       Dagger            |       |       |    26 |       |       |       |       |       ||    26
       Staff             |       |       |       |    21 |   714 |   978 |   942 |   305 ||  2960
       Trident           |       |       |       |       |       |       |       |    14 ||    14
 Cast: Magic Dart        |    96 |    69 |   103 |   118 |    45 |     9 |       |       ||   440
       Searing Ray       |       |     8 |    98 |   189 |   279 |    33 |       |       ||   607
       Static Discharge  |       |       |       |     4 |       |       |       |       ||     4
       Sticky Flame      |       |       |       |     1 |   122 |   291 |    62 |    14 ||   490
       Flame Wave        |       |       |       |     3 |    33 |    35 |    18 |     8 ||    97
       Freezing Cloud    |       |       |       |       |    14 |    20 |     2 |       ||    36
       Lightning Bolt    |       |       |       |       |       |    54 |   351 |   216 ||   621
       Summon Lightning  |       |       |       |       |       |    51 |   111 |    23 ||   185
       Conjure Ball Ligh |       |       |       |       |       |    14 |     9 |     5 ||    28
       Spellforged Servi |       |       |       |       |       |       |     7 |   101 ||   108
       Iron Shot         |       |       |       |       |       |       |     2 |   107 ||   109
Evoke: Wand              |       |       |       |     6 |       |       |     1 |    17 ||    24
  Use: Scroll            |       |       |     9 |     9 |    17 |     5 |     3 |     7 ||    50
       Potion            |       |       |       |     2 |       |       |       |    12 ||    14
 Stab: Sleeping          |       |       |       |       |     1 |       |       |       ||     1
       Distracted        |       |       |       |       |       |     3 |    12 |     2 ||    17
       Invisible         |       |       |       |       |       |       |       |     1 ||     1
Armor: Skin              |    19 |    11 |    28 |   151 |   551 |   941 |   433 |   205 ||  2339
Dodge: Dodged            |    44 |    44 |   136 |   328 |   704 |   931 |   478 |   267 ||  2932
Block: Buckler           |       |       |       |    70 |   583 |   821 |   479 |   247 ||  2200
       Reflection        |       |       |       |       |    11 |    19 |    34 |    16 ||    80
